[Event "Mitropa Cup Women 2022"]
[Site "Corte"]
[Date "2022.05.05"]
[Round "6.2"]
[White "Urh, Zala"]
[Black "Heinatz, Gundula"]
[Result "1/2-1/2"]
[ECO "D10"]
[WhiteElo "2315"]
[BlackElo "2117"]
[Annotator "TA"]
[PlyCount "158"]
[EventDate "2022.04.30"]
[EventType "team-tourn"]
[EventCountry "FRA"]
[SourceTitle "playchess.com"]
[Source "ChessBase"]
[SourceQuality "1"]
[WhiteTeam "Slovenia"]
[BlackTeam "Switzerland"]
[WhiteTeamCountry "SLO"]
[BlackTeamCountry "SUI"]
[TimeControl "40/5400+30:1800+30"]

1. d4 d5 2. c4 c6 3. cxd5 cxd5 4. Bg5 Nc6 5. Nc3 h6 6. Bh4 {[%emt 0:00:31] D10: Slav Defence: 3 cxd5 (without early Nf3) and 3 Nc3.} (6. Bf4 {seems wilder.} Bf5 7. e4 Bxe4 8. Nxe4 e5 9. dxe5 dxe4 10. Bc4) 6... g5 7. Bg3 Nf6 8. e3 {[%emt 0:03:32] White is slightly better.} a6 9. Bd3 {[%emt 0:05:19] Against Bf5} Bg7 10. Nge2 {[%emt 0:06:43][%cal Bg1e2,Be2f4,Bf4d3,Bd3c5][%mdl 32] [#]} Bg4 $146 ({Predecessor:} 10... Nh5 11. O-O O-O 12. Qb3 e6 13. Na4 Nxg3 14. Nxg3 Na5 15. Qc2 Bd7 16. Nc5 Rc8 {½-½ (84) Molchanov,Y (2112)-Wang,Y (2357) Dos Hermanas 2004}) 11. f3 Bd7 12. Rc1 b5 13. Kf2 (13. O-O $16) 13... Qb6 (13... e6 $14 {might be stronger.}) 14. h4 $16 g4 (14... Qa5 $142) 15. Nf4 e6 16. h5 ({White has to play} 16. fxg4 $18 {Hoping for Kg1.} Ne7 17. Nh5 Nxh5 18. gxh5) 16... Rg8 17. Bb1 (17. fxg4 Nxd4 $1 18. exd4 Nxg4+ 19. Ke1 (19. Qxg4 $2 Bxd4+ 20. Kf3 Rxg4 $19) 19... Bxd4 $11) 17... Bf8 18. Nce2 Be7 19. Nd3 Rg5 20. Bh4 Rg7 21. Nc5 Rc8 22. a3 (22. Qd2 $16) 22... Nh7 (22... Na5 $14) 23. Bg3 Nf6 24. Bf4 (24. Nxd7 $6 Kxd7 25. Bf4 Rh8 $14) 24... Ng8 25. Rc3 (25. b4 $18) 25... Bg5 26. Qc1 (26. fxg4 $6 Nf6 $14) (26. Nxd7 $6 Kxd7 27. Bg3 (27. fxg4 Nf6 $11) 27... Be7 $14) 26... Nge7 27. Bxg5 Rxg5 28. Rh4 ({Better is} 28. b4) 28... gxf3 29. gxf3 a5 30. Qh1 b4 31. axb4 Nxb4 32. Qc1 (32. Rg4 $1 $16 {[%cal Rg4g5] And now Rxg5 would win.} Rxg4 33. fxg4) 32... Rb8 33. b3 Bb5 $36 {[%emt 0:01:09][%mdl 2048] Black fights for an advantage.} 34. Nf4 Qd6 35. Rg4 (35. Qd2 $15) 35... Rxg4 (35... e5 $1 $17 36. dxe5 Qxe5) 36. fxg4 $15 Nec6 (36... Nbc6 $17) 37. Qd2 $11 Ke7 38. Rc1 Rg8 39. Bd3 {[%emt 0:01:02] [#]} (39. Kg3 $11) 39... Bxd3 (39... Nxd4 $1 $17 40. Bh7 Rxg4 41. Qxd4 Nc6 42. Nxd5+ Qxd5 43. Qxd5 exd5) 40. Ncxd3 $19 Rxg4 41. Nxb4 axb4 42. Kf3 Rg5 (42... Rh4 $17 43. Kg2 Kd7) 43. Qc2 $1 $11 Kd7 44. Qh7 $1 Rf5 {[%emt 0:00:00][%cal Oc6d4] Threatens to win with ...Nxd4+!} 45. Qxh6 Qb8 46. Qg7 {[%emt 0:00:00] Prevents Qg8.} e5 $2 (46... Na5 $2 47. h6 Nxb3 48. Rc2 $18) (46... Ne7 $11) 47. Kg4 $1 $18 Nxd4 $2 {[%emt 0:00:00] [#]} (47... Ne7 {is a better defense.} 48. Nxd5 Qb5 49. Rc7+ Kd6 50. Nxe7 Rf1 51. Qxe5+ Qxe5 52. Rc6+ (52. dxe5+ Kxc7 53. Nf5 Rg1+ 54. Ng3 Rg2 $18) 52... Kxe7 53. dxe5 Rg1+ 54. Kf4 Rf1+ 55. Ke4 Kf8) 48. Nxd5 $2 (48. Nd3 $1 $18 Ne6 49. Nc5+ Kd6 50. Nxe6 fxe6 51. h6) 48... Ne6 (48... Rf2 $1 $11 {remains equal.} 49. Kh3 (49. Rc7+ $2 Qxc7 50. Nxc7 Rg2+ 51. Kh3 Rxg7 $19) 49... Rf3+ 50. Kh2 (50. Kg2 Qb5 $11) 50... Qb5) 49. Qh6 {[%emt 0:00:03] The board is on fire. White is much more active.} (49. Qh7 $16 Rg5+ 50. Kh4 (50. Kh3 Qf8 $16)) 49... Rg5+ $11 50. Kh4 $1 ({Avoid the trap} 50. Kh3 $2 e4 51. Nf6+ Ke7 52. Nxe4 Rf5 $17) 50... Qd8 {[%emt 0:00:00][%mdl 8192] [#]} (50... e4 $1 $11 {and Black stays safe.} 51. Nf4 Qe5 52. Rd1+ Ke7) 51. Qf6 $2 (51. Nf6+ $1 $18 {and the rest is easy.} Ke7 52. Ra1) 51... Qxf6 $16 52. Nxf6+ {[%emt 0:00:01][%mdl 4096] Endgame KRN-KRN} Ke7 53. Nd5+ ({White should play} 53. Rf1 $16) 53... Kf8 54. h6 {[%emt 0:01:01] Rc8+ would kill now.} (54. Nc7 $5 Rf5 55. Nxe6+ fxe6 56. h6 $16) 54... f5 $1 55. Nf6 {[%emt 0:01:42] Intending Nh7+ and mate.} Rg6 56. Rc8+ Kf7 {[%emt 0:00:14] [#]} 57. h7 $1 Rh6+ 58. Kg3 Nf8 59. Nd7 Nxh7 (59... Nxd7 $11 60. h8=Q Rxh8 61. Rxh8 Nc5) 60. Nxe5+ $14 Ke7 61. Rc7+ Kd8 62. Rb7 Rh5 (62... Ng5 $14) 63. Rxb4 (63. Nf7+ $16 Kc8 64. Nd6+ (64. Rxb4 Nf6 $16) 64... Kd8 65. Kf4 (65. Rxb4 Kd7 $16)) 63... Nf6 64. Rd4+ Kc7 ({Black should try} 64... Ke7 $14) 65. b4 Rh1 66. Nd3 Rf1 67. Nc5 Kc6 68. Ne6 Ne4+ 69. Kg2 Rf2+ 70. Kg1 {[%emt 0:00:10][%cal Od4e4] aiming for Rxe4!} Rb2 71. Nf4 Nd2 {[%emt 0:01:01] ...Nf3+ is the strong threat.} 72. Rd5 Nf3+ 73. Kf1 Rxb4 74. Rxf5 Nd2+ 75. Ke2 Ne4 76. Rf8 Nd6 77. Nd3 Re4 78. Kf3 Re7 79. Nf2 Rf7+ {[%emt 0:00:05] Weighted Error Value: White=0.41/Black=0.41} 1/2-1/2

[Event "Mitropa Cup Women 2022"]
[Site "Corte"]
[Date "2022.05.05"]
[Round "6.2"]
[White "Bashylina, Luisa"]
[Black "Berke, Ana"]
[Result "0-1"]
[ECO "E46"]
[WhiteElo "1981"]
[BlackElo "2150"]
[Annotator "TA"]
[PlyCount "132"]
[EventDate "2022.04.30"]
[EventType "team-tourn"]
[EventCountry "FRA"]
[SourceTitle "playchess.com"]
[Source "ChessBase"]
[SourceQuality "1"]
[WhiteTeam "Germany"]
[BlackTeam "Croatia"]
[WhiteTeamCountry "GER"]
[BlackTeamCountry "CRO"]
[TimeControl "40/5400+30:1800+30"]

1. d4 Nf6 2. c4 e6 3. Nc3 Bb4 4. e3 O-O 5. Bd2 c5 6. a3 {[%emt 0:00:14] E46: Nimzo-Indian: Rubinstein: 4 e3 0-0 5 Ne2 without early Bd3.} Bxc3 7. Bxc3 Ne4 8. Ne2 {[%emt 0:00:11] The position is equal.} b6 9. d5 d6 ({Don't do} 9... Qh4 10. g3 Qh5 11. Bg2 exd5 12. Qc2 $14 (12. cxd5 f5 $14) (12. Qxd5 Qxd5 13. cxd5 f5 $11)) 10. f3 (10. Qd3 $5 Nxc3 11. Nxc3 $11) 10... Nxc3 11. Nxc3 e5 12. Qd2 {[%emt 0:09:02] [#]} Na6 $146 ({Predecessor:} 12... f5 13. Be2 Nd7 14. O-O-O Nf6 15. h3 Qe7 16. Rde1 Bd7 17. g4 g6 18. gxf5 gxf5 {1-0 (44) Aczel,G (2511)-Karacsonyi,G (2292) Budapest 2020}) 13. Bd3 Nc7 14. O-O f5 15. f4 e4 16. Be2 Qe8 17. Qc2 Bd7 18. b4 Qe7 19. Rfb1 Rf6 20. bxc5 dxc5 21. Rd1 Rh6 22. Bf1 Rf8 23. Rd2 Rff6 24. g4 Rd6 25. g5 Rh4 26. Rg2 h6 27. Qf2 hxg5 ({Better is} 27... Rh3 $1 $11) 28. fxg5 $14 Rh8 29. Qf4 Ne8 30. Be2 g6 31. Rf1 Ng7 32. Rgf2 Be8 33. h4 Rd8 34. Qg3 Qd6 35. Rf4 Bd7 36. Kg2 Re8 37. R1f2 (37. R4f2 $14 Qxg3+ 38. Kxg3) 37... Qe5 $11 38. Nd1 {[%emt 0:02:45] [#]} (38. Nxe4 $1 $11 fxe4 39. Rf8+ $1 Kh7 40. Rxh8+ Kxh8 41. Rf8+ $1 Kh7 42. Qxe5 Rxe5 43. Rf7) 38... a6 {[%emt 0:03:38] Black is more active.} (38... b5 $1 $17 {And now ...b4 would win.} 39. Rf1 b4 40. axb4 cxb4) 39. Rf1 $1 b5 40. R4f2 Kf7 41. Qxe5 Rxe5 42. Kg3 bxc4 (42... Ree8 $11 {remains equal.}) 43. Nc3 $16 Rb8 44. Bxc4 Ree8 45. d6+ ({Reject} 45. Bxa6 Rb3 46. Rc1 Rxa3 $11) (45. Rc2 $14) 45... Be6 $132 {[%emt 0:01:26][%mdl 2048] [#] Black is fighting back} 46. d7 $1 Red8 (46... Nh5+ 47. Kh2) 47. Nxe4 Bxc4 {[%emt 0:00:36] Chess con chili.} 48. Nd6+ Ke6 49. Nxc4 Rxd7 50. Rc2 Rb3 51. Kf2 Rdd3 52. Rfc1 f4 53. exf4 {[%emt 0:01:04] Strongly threatening Re1+.} Rf3+ 54. Ke2 (54. Ke1 $11 {keeps the balance.}) 54... Nf5 (54... Nh5 $17 55. f5+ Kxf5) 55. Nd2 $2 {[%emt 0:02:17][%mdl 8192] White does not recover from this.} (55. Rb2 $15) 55... Nd4+ $19 56. Kd1 Rbd3 57. Ke1 {[%emt 0:02:04] Against Rf1+} Nxc2+ 58. Rxc2 Rxf4 59. Rxc5 Rxa3 {[%emt 0:00:28][%mdl 4096] Endgame KRR-KRN} 60. Rc6+ Kf5 61. Rf6+ Kg4 62. Rxg6 Kxh4 63. Rg8 Rg4 64. Rf8 $2 (64. g6 Rg2 65. Kd1) 64... Rg2 {[%emt 0:02:54] ( -> ...Ra1+)} 65. Rh8+ Kg4 66. Rb8 Ra1+ {[%emt 0:00:32] Weighted Error Value: White=0.26 (precise) /Black=0.11 (very precise)} 0-1

[Event "Mitropa Cup Women 2022"]
[Site "Corte"]
[Date "2022.05.05"]
[Round "6.3"]
[White "Sedina, Elena"]
[Black "Benmesbah, Natacha"]
[Result "0-1"]
[ECO "B22"]
[WhiteElo "2249"]
[BlackElo "2251"]
[Annotator "TA"]
[PlyCount "104"]
[EventDate "2022.04.30"]
[EventType "team-tourn"]
[EventCountry "FRA"]
[SourceTitle "playchess.com"]
[Source "ChessBase"]
[SourceQuality "1"]
[WhiteTeam "Italy"]
[BlackTeam "France"]
[WhiteTeamCountry "ITA"]
[BlackTeamCountry "FRA"]
[TimeControl "40/5400+30:1800+30"]

1. e4 c5 2. c3 Nf6 3. e5 Nd5 4. Nf3 Nc6 5. Bc4 Nb6 6. Bb3 c4 7. Bc2 d5 8. exd6 Qxd6 9. O-O Bg4 {[%emt 0:11:20] B22: Sicilian: 2 c3.} 10. b3 Qd5 11. Re1 {[%emt 0:05:49] Against Ne5} Bxf3 {[%emt 0:01:07] The position is equal.} 12. Qxf3 Qxf3 13. gxf3 e6 14. Re4 cxb3 15. axb3 {[%emt 0:00:05] [#]} Be7 $146 ({Predecessor:} 15... Nd5 16. b4 Bd6 17. b5 Ne5 18. d4 Ng6 19. c4 Nb4 20. Bb3 O-O 21. c5 Be7 {½-½ (32) Hayes,M (2196)-Siigur,J (2478) ICCF email 2011}) 16. Na3 O-O 17. Nc4 Nd5 18. Na5 Nxa5 19. Rxa5 Bd8 20. Ra1 Bb6 21. Bb2 Rfd8 22. Kf1 Nf6 23. Re2 Rd5 24. d4 Rh5 $36 {[%emt 0:00:45][%mdl 2048] Black has good play.} 25. Re5 Rxh2 26. Rb5 $2 {[%emt 0:00:38] [#]} (26. Kg1 $15 Rh3 27. Rb5) 26... Rh1+ $1 $19 27. Ke2 Rxa1 28. Bxa1 Nd5 {[%emt 0:00:24] Threatens to win with ...a6.} 29. Be4 a6 30. Rxb6 (30. Rxd5 exd5 31. Bxd5) 30... Nxb6 31. Bxb7 {[%emt 0:00:02][%mdl 4096] Endgame KRN-KB} Rb8 32. Be4 f5 33. Bc2 Nd5 34. c4 Nb4 35. Bd1 g5 36. Bc3 h5 37. Kf1 h4 38. Kg2 Kf7 39. Bd2 Kg6 40. Kh3 Nc6 41. Bc3 Rd8 42. d5 exd5 43. cxd5 Rxd5 44. Be2 {[%emt 0:00:00] Inhibits Rd3.} Rc5 45. Bc4 a5 {[%emt 0:00:00] [#] aiming for ...Ne5.} 46. Bb2 Ne5 47. Bd4 g4+ {[%emt 0:00:00] Black mates.} 48. Kg2 Rxc4 49. bxc4 Nxc4 50. fxg4 fxg4 51. f3 Kh5 52. Bf6 a4 {[%emt 0:00:00] Black took control after the opening.  Weighted Error Value: White=0.50/Black=0.04 (flawless)} 0-1

[Event "Mitropa Cup Women 2022"]
[Site "Corte"]
[Date "2022.05.05"]
[Round "6.3"]
[White "Radikovic, Anamarija"]
[Black "Butenandt, Svenja"]
[Result "1/2-1/2"]
[ECO "B23"]
[WhiteElo "2133"]
[BlackElo "2086"]
[Annotator "TA"]
[PlyCount "80"]
[EventDate "2022.04.30"]
[EventType "team-tourn"]
[EventCountry "FRA"]
[SourceTitle "playchess.com"]
[Source "ChessBase"]
[SourceQuality "1"]
[WhiteTeam "Croatia"]
[BlackTeam "Germany"]
[WhiteTeamCountry "CRO"]
[BlackTeamCountry "GER"]
[TimeControl "40/5400+30:1800+30"]

1. e4 c5 2. Nc3 e6 3. Nge2 a6 4. g3 b5 5. Bg2 Bb7 6. O-O d6 7. d4 cxd4 8. Nxd4 Qc7 9. Re1 Nf6 {[%emt 0:01:31] [#]} (9... Nd7 $142) 10. Bg5 {[%emt 0:05:31] B43: Sicilian: Kan Variation: 5 Nc3.} (10. Nd5 $1 $16 exd5 (10... Nxd5 11. exd5) 11. exd5+ Kd8 12. Bg5) 10... Be7 $14 11. Bxf6 gxf6 (11... Bxf6 $11 12. Ndxb5 axb5 13. Nxb5 Qb6 14. Nxd6+ Ke7) 12. a4 (12. Qh5 $18 {and the rest is easy.} Kf8 13. Bh3) 12... b4 $16 13. Na2 {[%emt 0:00:05] [#] White is more active.} Qb6 $146 ({Predecessor:} 13... Qc5 14. Nb3 Qc7 15. Nxb4 Nd7 16. Nd3 Rc8 17. c3 O-O 18. Nd4 Ne5 19. Nf4 Kh8 {1-0 (54) Karykowska,A (1999)-Mazur,A (1731) Poronin 2020}) 14. c3 {[%emt 0:04:27] Black must now prevent Qh5.} bxc3 15. Nxc3 Nc6 16. Nf5 exf5 $11 17. Nd5 Qd8 (17... Qxb2 $2 18. exf5 Kf8 19. Rb1 $18) 18. exf5 Rb8 19. Qd2 ({Much weaker is} 19. Nxf6+ Kf8 20. Bxc6 Bxf6 21. Re8+ Qxe8 22. Bxe8 (22. Qxd6+ Kg7 $17) 22... Rxe8 $15) (19. Qh5 $14 Ne5 20. Rad1) 19... Ne5 $15 20. Nxe7 Kxe7 21. f4 ({White should play} 21. Rad1 $1 $15) 21... Qb6+ $19 22. Kh1 Bxg2+ 23. Qxg2 {[%emt 0:00:47] [#]} Qxb2 $1 24. fxe5 (24. Qe4 Qb7) 24... Qxg2+ (24... fxe5 25. Qf3 Qb7 26. Re4) 25. Kxg2 $17 {[%emt 0:00:05][%mdl 4096] Endgame KRR-KRR} Rb2+ ({Stronger than} 25... dxe5 26. Rab1 $17) 26. Kh3 fxe5 27. Rac1 Kd7 {[%emt 0:00:32] Inhibits Rc7+.} 28. Red1 Rhb8 29. Rd5 R8b6 30. Rcd1 Kc7 ({Black should try} 30... Ke7 $19 {And now ...h5 would win.} 31. Rc1 Ra2) 31. R5d3 (31. a5 $17 Rc6 32. Kg4) 31... Ra2 ({Better is} 31... f6 $19 32. a5 Rc6) 32. Rc3+ (32. Kg4 $17 {is a better defense.}) 32... Rc6 $19 33. Rb3 Rcc2 (33... h6 $19 {and Black stays clearly on top. Hoping for ...Rcc2.} 34. a5 Rcc2) 34. Rdb1 $2 (34. Kh4 $17) 34... Rxh2+ $2 (34... f6 $19 {is more deadly.} 35. g4 Rxh2+ 36. Kg3 Rhg2+ 37. Kh3 Kc6) 35. Kg4 $17 f6 (35... Kc6 $17 {Threatens to win with ...f6.} 36. Rb6+ Kd5 37. Rxa6 f6 38. Rd1+ (38. Rb5+ {is a self mate.} Ke4 39. Rb4+ Ke3 40. Rb3+ Ke2) 38... Rad2 39. Rxd2+ Rxd2) 36. Rc3+ $11 {[%emt 0:00:14] The position is equal.} Kd7 37. Rb7+ Kd8 38. Rb8+ Kd7 39. Rb7+ Kd8 40. Rb8+ Kd7 {[%emt 0:00:10] Black had all chances to win.  Weighted Error Value: White=0.41/Black=0.38} 1/2-1/2

[Event "Mitropa Cup Women 2022"]
[Site "Corte"]
[Date "2022.05.05"]
[Round "6.3"]
[White "Hund, Sarah"]
[Black "Janzelj, Lara"]
[Result "0-1"]
[ECO "C41"]
[WhiteElo "2086"]
[BlackElo "2191"]
[Annotator "TA"]
[PlyCount "76"]
[EventDate "2022.04.30"]
[EventType "team-tourn"]
[EventCountry "FRA"]
[SourceTitle "playchess.com"]
[Source "ChessBase"]
[SourceQuality "1"]
[WhiteTeam "Switzerland"]
[BlackTeam "Slovenia"]
[WhiteTeamCountry "SUI"]
[BlackTeamCountry "SLO"]
[TimeControl "40/5400+30:1800+30"]

1. e4 d6 2. d4 Nf6 3. Nc3 e5 4. Nf3 Nbd7 5. Bc4 Be7 6. O-O O-O 7. Re1 c6 8. a4 Qc7 9. a5 h6 {[%emt 0:01:00] C41: Philidor Defence.} 10. h3 Re8 11. Be3 Bf8 {[%emt 0:01:31] White is slightly better. 11...exd4 is a critical line.} 12. Bb3 exd4 13. Bxd4 Ne5 14. Nh4 {[%emt 0:02:42] With the idea f4.} Be6 15. Bxe6 Rxe6 16. Nf5 Ned7 17. Qd2 {[%emt 0:06:27] [#]} Rae8 $146 ({Predecessor:} 17... a6 18. Qf4 Rae8 19. f3 Qd8 20. Red1 d5 21. Kh1 Ne5 22. exd5 cxd5 23. g4 g6 {½-½ (48) Vasquez,F (1947)-Nichols,S (2089) FICGS email 2009}) 18. f3 d5 19. exd5 (19. Bxa7 {keeps more tension.} dxe4 20. Nxe4 Nxe4 21. Rxe4 Rxe4 22. fxe4 Nc5 23. Bb6) 19... Rxe1+ 20. Rxe1 Rxe1+ 21. Qxe1 {[%emt 0:00:15] Black should prevent dxc6.} Qxa5 22. dxc6 Qxf5 23. cxd7 Nxd7 24. Qe4 Qg5 (24... Qxe4 $11 {remains equal.} 25. Nxe4 b6) 25. Nd5 ({And not} 25. Qxb7 Qc1+ 26. Kf2 Qxc2+ 27. Ne2 Nc5 $11) (25. f4 $16 Qh4 26. Qxb7 (26. Bxa7 b6 $11)) 25... Nc5 $11 26. Qe5 Qc1+ 27. Kh2 Ne6 28. Bxa7 Qxc2 29. f4 b5 30. Be3 Qc6 31. Kh1 Bd6 32. Qe4 Qd7 {[%emt 0:00:26] Against Ne7+} (32... Qa6 {is more complex.} 33. Qc2 Qa1+ 34. Kh2 Qa8) 33. Bd2 Nc5 34. Qf3 Qf5 {[%emt 0:00:49] White must now prevent ...Qb1+.} 35. Bc3 Qb1+ 36. Kh2 Ne4 (36... Ne6 $11) 37. Bd4 $2 {[%emt 0:01:25][%mdl 8192] [#]} (37. Qg4 $14 {stays ahead.} Ng5 38. Qd7) 37... Nd2 $1 $19 38. Qc3 (38. Qf2 $142 Nf1+ 39. Kh1 Ne3+ 40. Qg1 Qxg1+ 41. Kxg1 Nxd5 42. f5) 38... Nf1+ {[%emt 0:00:28] Weighted Error Value: White=0.53/Black=0.16 (very precise)} 0-1

[Event "Mitropa Cup Women 2022"]
[Site "Corte"]
[Date "2022.05.05"]
[Round "6.4"]
[White "Leconte, Maria"]
[Black "Gueci, Tea"]
[Result "0-1"]
[ECO "B23"]
[WhiteElo "2211"]
[BlackElo "2248"]
[Annotator "TA"]
[PlyCount "138"]
[EventDate "2022.04.30"]
[EventType "team-tourn"]
[EventCountry "FRA"]
[SourceTitle "playchess.com"]
[Source "ChessBase"]
[SourceQuality "1"]
[WhiteTeam "France"]
[BlackTeam "Italy"]
[WhiteTeamCountry "FRA"]
[BlackTeamCountry "ITA"]
[TimeControl "40/5400+30:1800+30"]

1. e4 c5 2. Nc3 a6 3. g3 b5 4. a4 b4 5. Nd5 e6 6. Ne3 {[%emt 0:00:08] B23: Closed Sicilian: Lines without g3.} Bb7 7. Bg2 {[%emt 0:00:37] [#]} Nc6 $146 ({Predecessor:} 7... Nf6 8. d3 d5 9. exd5 Nxd5 10. Nc4 Nd7 11. Nf3 Be7 12. a5 O-O 13. O-O Qc7 {1-0 (39) Lagarde,M (2659)-Sebag,M (2433) Orsay 2018}) 8. d3 {[%emt 0:01:17] The position is equal.} d6 9. Nh3 Nf6 10. O-O Be7 11. f4 h5 12. f5 e5 13. c3 a5 ({Better is} 13... Na5 $11) 14. Qb3 Ba6 15. Ng5 Rf8 16. Qd1 Ng4 17. f6 gxf6 {[%emt 0:05:03] ...Nxe3 is the strong threat.} ({Not} 17... Bxf6 18. Nh7 $16) 18. Nh7 Rg8 19. Nd5 ({White should try} 19. Nf5 $1 $16) 19... Rg7 $14 {[%emt 0:02:26] [#]} 20. h3 $1 Rxh7 21. hxg4 h4 (21... hxg4 $14 22. Qxg4 Kf8) 22. gxh4 (22. Rf5 $142 $1) 22... Rxh4 $16 23. Qf3 (23. Rf5 $16) 23... Bc8 $11 24. g5 Bg4 25. Qf2 Rh8 26. gxf6 Bf8 27. Qg3 Be6 28. Be3 Rb8 29. Rab1 Kd7 30. d4 (30. Kf2 $1 $11 {keeps the balance.}) 30... cxd4 $17 31. cxd4 {[%emt 0:00:04] [#]} Bh6 $1 32. dxe5 Rg8 {[%emt 0:01:43] The board is on fire.} 33. Qh4 (33. Qe1 $17 {prevents the worst.} Bh3 34. Rf2 Nxe5 35. Qe2 (35. Bxh6 $2 Rxg2+ 36. Kh1 Nd3 $19)) 33... Bxe3+ $19 34. Nxe3 Qb6 35. Qf4 Nxe5 36. Rbd1 Nc4 37. Rfe1 Rg4 $2 (37... Nxb2 38. Rd2 Nc4) 38. Qf2 Nxe3 39. Qxe3 Qxe3+ 40. Rxe3 Rbg8 41. Rd2 Kc7 42. Rc2+ Kb8 43. Rd3 {[%emt 0:00:00] Against d5} (43. Rd2 $17) 43... d5 44. Kf1 $2 (44. Rdd2 b3 45. Rc5) 44... dxe4 45. Re3 Bd5 46. Bh3 Rf4+ 47. Ke2 Bb7 {[%emt 0:01:28] Hoping for ...Rg1.} 48. Rc5 Ba6+ 49. Kd1 Rg1+ 50. Re1 Rxe1+ 51. Kxe1 {[%emt 0:00:01][%mdl 4096] Endgame [#] KRB-KRB} e3 $1 52. Rxa5 Rxf6 {[%emt 0:00:39] Strongly threatening ...Rc6.} 53. Re5 $2 (53. Bf5 Rc6 54. Rd5 Rc1+ 55. Rd1 Rxd1+ 56. Kxd1) 53... e2 {[%emt 0:01:57] aiming for ...Rf1+.} 54. Bf5 Rh6 $2 (54... Rc6 $19 {Threatens to win with ...Rc1+.} 55. Rxe2 Bxe2 56. Kxe2 Ka7) 55. Bc2 $2 (55. Be4 $15) 55... Rh1+ 56. Kd2 f5 57. Re8+ Kc7 {[%emt 0:00:13] And now ...f4 would win.} 58. a5 f4 {[%emt 0:00:36] Black mates.} 59. Re7+ Kd6 60. Rxe2 Bxe2 61. Kxe2 {[%emt 0:00:01] KR-KB} Rh2+ 62. Kd3 Kc5 63. b3 Kb5 64. Bd1 Rh1 65. Be2 Kxa5 66. Ke4 Rh4 67. Bf3 Kb5 68. Kd4 Rh3 69. Bd5 Rc3 {[%emt 0:00:26] Weighted Error Value: White=0.86/Black=0.32} 0-1

[Event "Mitropa Cup Women 2022"]
[Site "Corte"]
[Date "2022.05.05"]
[Round "6.4"]
[White "Vidic, Teja"]
[Black "Pellicoro, Nathalie"]
[Result "1-0"]
[ECO "C95"]
[WhiteElo "2168"]
[BlackElo "1898"]
[Annotator "TA"]
[PlyCount "77"]
[EventDate "2022.04.30"]
[EventType "team-tourn"]
[EventCountry "FRA"]
[SourceTitle "playchess.com"]
[Source "ChessBase"]
[SourceQuality "1"]
[WhiteTeam "Slovenia"]
[BlackTeam "Switzerland"]
[WhiteTeamCountry "SLO"]
[BlackTeamCountry "SUI"]
[TimeControl "40/5400+30:1800+30"]

1. e4 e5 2. Nf3 Nc6 3. Bb5 a6 4. Ba4 Nf6 5. O-O Be7 6. Re1 b5 7. Bb3 d6 8. c3 O-O 9. h3 Nb8 10. d4 Nbd7 11. Nbd2 Bb7 12. Bc2 c5 13. d5 $1 {[%emt 0:05:22] 13.d5 scores better than 13.Nf1.} c4 {[%emt 0:00:08] C95: Closed Ruy Lopez: Breyer Variation with 10 d4.} 14. a4 Qc7 15. Nf1 Rfb8 {[%emt 0:01:01] The position is equal.} 16. Ng3 g6 17. Nh2 Nc5 {[%emt 0:04:15] [#]} 18. Qe2 $146 ({Predecessor:} 18. axb5 axb5 19. Rxa8 Rxa8 20. f4 Ra1 21. Qf3 b4 22. cxb4 Nd3 23. Bxd3 cxd3 24. Qf1 Qc4 {½-½ (72) Klein,F (2364)-Van den Doel,E (2569) Germany 2016}) 18... Bf8 19. f4 Nfd7 (19... exf4 $11 {keeps the balance.} 20. Bxf4 Nfd7) 20. f5 $16 Nf6 21. Rf1 {[%emt 0:05:13] [#] Threatens to win with fxg6.} Bg7 22. Bg5 {[%emt 0:02:07] Hoping for fxg6.} Rf8 23. Qd2 Ncd7 24. Bh6 Rab8 25. h4 (25. Rf2 $16) 25... Kh8 (25... Bxh6 $11 26. Qxh6 Kh8) 26. Qg5 ({Better is} 26. Bxg7+ $16 Kxg7 27. h5) 26... Bxh6 27. Qxh6 Ng8 28. Qd2 h6 (28... bxa4 $11 29. Rxa4 Bc8) 29. Rf2 (29. Ng4 $16) 29... Kg7 (29... Ndf6 $1 $14) 30. Raf1 {[%emt 0:00:38] Black must now prevent Ng4. White is more active.} bxa4 (30... Ndf6 $16) 31. Bxa4 ({White should play} 31. Ng4 $18) 31... Nc5 (31... Ndf6 $16) 32. Bc2 $18 a5 (32... f6 $142 33. fxg6 Bc8) 33. h5 g5 (33... Bc8 $142 34. fxg6 f6) 34. f6+ Kh7 35. Nf3 $2 (35. Rf5 $18 {is the precise move to win.}) 35... Nd7 $2 {[%emt 0:04:12][%mdl 8192] [#] Black cannot hold the game after this.} (35... Bc8 $16) 36. Nxg5+ $1 hxg5 (36... Kh8 37. Ne6) 37. Qxg5 {[%emt 0:00:04][%csl Gf6][%cal Rg5g7] White mates.} Ndxf6 38. Rxf6 Bc8 39. h6 {[%emt 0:00:20] Weighted Error Value: White=0.38/Black=0.66} 1-0